[Event "Tuesday 03 April Rapid Engine Tour12+1 Rounds 9 Starts 1600ST"]
[Site "Infinity Chess"]
[Date "2018.4.3"]
[Round "4"]
[White "Marsell"]
[Black "KULLANI"]
[Result "1-0"]
[ECO "B90"]
[WhiteElo "2452"]
[BlackElo "2442"]
[WhiteEngine "asmFishW_2018-04-02_bmi2"]
[BlackEngine "BrainFish_180329_x64"]
[EventType "Swiss"]
[WhiteTeam ""]
[BlackTeam ""]
[PlyCount "223"]
[TimeControl "720+1"]

1. e4 c5 2. Nf3 d6 3. d4 cxd4 4. Nxd4 Nf6 5. Nc3 a6 6. Be3 e5 7. Nb3 Be6 
8. f3 h5 9. Qd2 Nbd7 10. Nd5 Nxd5 11. exd5 Bf5 12. Na5 Qc8 13. Rc1 Be7 
14. Bf2 e4 15. f4 O-O 16. Nc4 Re8 17. Ne3 Nc5 18. Be2 Bf6 19. Rb1 Bd7 20. O-O h4 
21. h3 b5 22. b3 Rb8 23. Bg4 Qd8 24. Qe2 Kf8 25. Bxd7 Nxd7 26. Rbe1 Rc8 
27. Qg4 a5 28. Re2 g6 29. c4 Rb8 30. Kh1 Rb7 31. g3 hxg3 32. Bxg3 Bd4 33. f5 Nf6 
34. Qf4 Nh5 35. Qxd6+ Kg7 36. fxg6 fxg6 37. Rg1 Qxd6 38. Bxd6 Rf7 39. cxb5 Rf3 
40. Nc4 Bxg1 41. Kxg1 Rd3 42. b6 Rd1+ 43. Kf2 Rxd5 44. a4 Rf5+ 45. Kg1 Nf6 
46. b7 Nd7 47. Re3 Nb8 48. Bg3 Rd5 49. Kf2 Na6 50. Ke1 g5 51. Ke2 Kf6 
52. Nd6 Re6 53. Nxe4+ Kf5 54. Nd2 Rb6 55. Nc4 Rxb7 56. Nd6+ Rxd6 57. Bxd6 Rd7 
58. Rf3+ Kg6 59. Rd3 Rb7 60. Rg3 Kf5 61. Rc3 Ke4 62. Bg3 Rh7 63. Be1 Nc7 
64. Re3+ Kd5 65. Rg3 Ne6 66. Kd1 Ra7 67. Bd2 Ke4 68. Bxg5 Rf7 69. Be3 Nd4 
70. Bxd4 Kxd4 71. h4 Rh7 72. Rh3 Rh5 73. Ke2 Ke4 74. b4 axb4 75. Rb3 Kd5 
76. Rxb4 Ke6 77. Re4+ Kd5 78. Kf3 Rh8 79. a5 Kc6 80. a6 Kc7 81. a7 Kb7 
82. a8=Q+ Rxa8 83. Rc4 Rh8 84. Kg4 Ka6 85. h5 Kb5 86. Rc1 Kb6 87. Rh1 Rg8+ 
88. Kf5 Rf8+ 89. Kg6 Rg8+ 90. Kf7 Rc8 91. h6 Rc7+ 92. Ke6 Rc6+ 93. Kd5 Rc5+ 
94. Kd4 Rc8 95. h7 Rh8 96. Ke5 Kc5 97. Kf6 Kd6 98. Rh5 Kc7 99. Rh6 Rf8+ 
100. Kg7 Ra8 101. h8=Q Rxh8 102. Kxh8 Kd7 103. Kg7 Ke8 104. Kf6 Kd7 105. Kf7 Kd8 
106. Ke6 Kc7 107. Ke7 Kc8 108. Kd6 Kb7 109. Kd7 Kb8 110. Kc6 Ka7 111. Rh8 Ka6 
112. Ra8# 1-0

[Event "Tuesday 03 April Rapid Engine Tour12+1 Rounds 9 Starts 1600ST"]
[Site "Infinity Chess"]
[Date "2018.4.3"]
[Round "4"]
[White "SkyPilot"]
[Black "Harry_Potter"]
[Result "1/2-1/2"]
[ECO "C53"]
[WhiteElo "2494"]
[BlackElo "2475"]
[WhiteEngine "stockfish_x64_bmi2_2018_03_30_CTG"]
[BlackEngine "asmFishW_2018-03-27_bmi2_CTG"]
[EventType "Swiss"]
[WhiteTeam ""]
[BlackTeam ""]
[PlyCount "135"]
[TimeControl "720+1"]

1. e4 e5 2. Nf3 Nc6 3. Bc4 Bc5 4. c3 Nf6 5. d3 d6 6. O-O O-O 7. h3 a5 
8. Nbd2 Be6 9. Bb5 h6 10. Re1 Qb8 11. Nf1 Qa7 12. Re2 a4 13. Ng3 Qa5 
14. Bxc6 bxc6 15. Nh4 Rfe8 16. Re1 d5 17. exd5 cxd5 18. Rxe5 Bf8 19. Qc2 c5 
20. Bd2 c4 21. Re3 Nd7 22. d4 Qd8 23. Nf3 Bd6 24. a3 Bxg3 25. fxg3 Nf6 
26. Rae1 Ne4 27. g4 f6 28. Rf1 Ng3 29. Rfe1 Ne4 30. Rf1 g5 31. Rxe4 dxe4 
32. Nh2 Qe7 33. Be3 Ra5 34. Qd2 Qf7 35. Qe2 Rb5 36. Rf2 f5 37. gxf5 Rxf5 
38. Rf1 Rb8 39. Rxf5 Bxf5 40. h4 gxh4 41. Ng4 Bxg4 42. Qxg4+ Kh7 43. Qxe4+ Qg6 
44. Qe7+ Kg8 45. Qxh4 h5 46. Bf4 Rxb2 47. Qd8+ Kf7 48. Qd7+ Kg8 49. Qd5+ Kg7 
50. Qe5+ Kf8 51. Qd5 h4 52. Qa8+ Kg7 53. Be5+ Kh6 54. Qh8+ Kg5 55. Qd8+ Kh5 
56. Qh8+ Kg4 57. Qc8+ Kg5 58. Qf8 h3 59. Qf4+ Kh5 60. Qf3+ Qg4 61. Qf7+ Kg5 
62. Qf6+ Kh5 63. Qf7+ Kg5 64. Qg7+ Kh5 65. Qh7+ Kg5 66. Qe7+ Kh6 67. Qf6+ Kh5 
68. Qf7+ 1/2-1/2

[Event "Tuesday 03 April Rapid Engine Tour12+1 Rounds 9 Starts 1600ST"]
[Site "Infinity Chess"]
[Date "2018.4.3"]
[Round "4"]
[White "KRAKEN"]
[Black "MCDermont"]
[Result "1/2-1/2"]
[ECO "E10"]
[WhiteElo "2470"]
[BlackElo "2501"]
[WhiteEngine "Raubfisch X38_CTG"]
[BlackEngine "BrainFish 010418 WM_CTG"]
[EventType "Swiss"]
[WhiteTeam ""]
[BlackTeam ""]
[PlyCount "111"]
[TimeControl "720+1"]

1. d4 Nf6 2. c4 e6 3. Nf3 d5 4. Nc3 c6 5. Bg5 h6 6. Bxf6 Qxf6 7. e3 Nd7 
8. Be2 g6 9. O-O Be7 10. Nd2 O-O 11. Rc1 Qg7 12. Qc2 Rd8 13. a3 g5 14. h3 Nf6 
15. Nf3 g4 16. hxg4 Nxg4 17. cxd5 exd5 18. Bd3 h5 19. Ne2 Qf6 20. Ng3 Bd6 
21. Rce1 h4 22. Nf5 Bc7 23. N5xh4 Nh2 24. Nxh2 Bxh2+ 25. Kxh2 Qxh4+ 26. Kg1 Kg7 
27. f4 Rh8 28. f5 Bd7 29. f6+ Kg8 30. Bf5 Bxf5 31. Qxf5 Re8 32. Qf4 Rh6 
33. b3 Re6 34. b4 Rexf6 35. Qxh4 Rxf1+ 36. Rxf1 Rxh4 37. a4 Re4 38. Kf2 Re6 
39. g3 Rf6+ 40. Ke1 Rxf1+ 41. Kxf1 Kf8 42. Kg2 Ke7 43. Kf2 b6 44. Kf3 Ke6 
45. Kf4 a6 46. g4 a5 47. bxa5 bxa5 48. e4 dxe4 49. Kxe4 Kf6 50. Kf4 Kg6 
51. Ke5 Kg5 52. Kd6 Kxg4 53. Kxc6 f5 54. d5 f4 55. d6 f3 56. d7 1/2-1/2

[Event "Tuesday 03 April Rapid Engine Tour12+1 Rounds 9 Starts 1600ST"]
[Site "Infinity Chess"]
[Date "2018.4.3"]
[Round "4"]
[White "MarioDeMonti"]
[Black "ivrdurant"]
[Result "1/2-1/2 "]
[ECO "C53"]
[WhiteElo "2505"]
[BlackElo "2473"]
[WhiteEngine "stockfish_x64_bmi2_2018_02_18_CTG"]
[BlackEngine "Raubfisch ME262_GTZ16d4"]
[EventType "Swiss"]
[WhiteTeam ""]
[BlackTeam ""]
[PlyCount "225"]
[TimeControl "720+1"]

1. e4 e5 2. Nf3 Nc6 3. Bc4 Bc5 4. c3 Nf6 5. d3 a5 6. O-O d6 7. Re1 Ba7 
8. Nbd2 O-O 9. h3 h6 10. Nf1 Be6 11. Bb5 Ne7 12. Ng3 Ng6 13. d4 c6 14. Bd3 a4 
15. b3 axb3 16. axb3 Bb6 17. Rxa8 Qxa8 18. Qc2 Re8 19. b4 Qa7 20. Bb2 Bc7 
21. c4 Qb8 22. Bf1 b5 23. dxe5 dxe5 24. c5 Nh7 25. Ra1 Qb7 26. Qc1 f6 27. h4 Ne7 
28. Be2 Ra8 29. Nf1 Nf8 30. Ne3 Bf7 31. g3 Rd8 32. Qc2 h5 33. Ne1 g6 34. Rd1 Qb8 
35. Rxd8 Qxd8 36. Qd1 Qxd1 37. Bxd1 Ne6 38. Kf1 Kf8 39. Ke2 Ke8 40. Nd3 Ng8 
41. f3 Nh6 42. Kd2 Kd7 43. Kc3 Ke7 44. Bc1 Ng8 45. Kd2 Nd4 46. Kc3 Kd7 
47. Ng2 Ne6 48. Kd2 Nd4 49. Bb2 Ne6 50. Ke2 Nh6 51. Bc1 Nd4+ 52. Ke1 Ng8 
53. Bb2 Nh6 54. Bxd4 exd4 55. Ngf4 Ng8 56. Ne2 Ne7 57. Bc2 g5 58. hxg5 fxg5 
59. Kf2 Ng6 60. f4 Bc4 61. fxg5 Ne5 62. Nef4 Ke8 63. Kg2 Nxd3 64. Nxd3 Bd8 
65. g6 Bc7 66. Kh3 Bd8 67. Kg2 Bc7 68. Kh3 Bd8 69. Nf4 Kf8 70. Kg2 Bg5 
71. Kf3 d3 72. Bxd3 Bxf4 73. Bxc4 Be5 74. Be6 Bc3 75. Kf4 Bxb4 76. Kg5 Bxc5 
77. Kxh5 Bf2 78. Kh6 Bd4 79. Bf7 c5 80. Kg5 Be5 81. g4 c4 82. Kf5 Bd4 83. e5 Kg7 
84. g5 Bb6 85. Be6 c3 86. Bb3 Bd8 87. e6 b4 88. Bc2 Be7 89. Bb3 Bc5 90. Bd1 Bd6 
91. Ba4 Bc5 92. Bc2 Bd6 93. Bd1 Bf8 94. Ba4 Bc5 95. Kf4 Kxg6 96. Bc2+ Kg7 
97. Ke5 Be7 98. Kf5 Bd6 99. Bb3 Kf8 100. Kf6 Be7+ 101. Kg6 Bd6 102. Kf5 Kg7 
103. Bc2 Bc5 104. g6 Bd6 105. Kg5 Bc5 106. Kf5 Be7 107. Bb3 Bd6 108. Bc2 Bc5 
109. Ba4 Bd6 110. Bc2 Bf8 111. Ke5 Be7 112. Kf5 Bf8 113. Kg5 1/2-1/2

[Event "Tuesday 03 April Rapid Engine Tour12+1 Rounds 9 Starts 1600ST"]
[Site "Infinity Chess"]
[Date "2018.4.3"]
[Round "4"]
[White "THE_MACHINE"]
[Black "Brtroy"]
[Result "1/2-1/2"]
[ECO "C50"]
[WhiteElo "2492"]
[BlackElo "2501"]
[WhiteEngine "BrainFish_180401_x64_bmi2"]
[BlackEngine "Stockfish_18040103_x64_bmi2_CTG"]
[EventType "Swiss"]
[WhiteTeam ""]
[BlackTeam ""]
[PlyCount "201"]
[TimeControl "720+1"]

1. e4 e5 2. Nf3 Nc6 3. Bc4 Bc5 4. O-O Nf6 5. d3 a5 6. c3 d6 7. Nbd2 O-O 
8. Re1 Ba7 9. Nf1 Be6 10. Bb5 Ne7 11. d4 Ng6 12. Be3 c6 13. Bd3 a4 14. Bc2 b5 
15. h3 Bb6 16. Ng3 Re8 17. Qd2 c5 18. d5 Bd7 19. b3 Ba5 20. b4 cxb4 21. cxb4 Bb6 
22. Bd3 Bxe3 23. Qxe3 Nf4 24. Bf1 Qb8 25. Nd2 Ra7 26. Rac1 Rc7 27. Nb1 Rec8 
28. Rxc7 Qxc7 29. Na3 Qb7 30. Ne2 Nxe2+ 31. Bxe2 Kf8 32. Rd1 h6 33. Rd2 Ke7 
34. Kh2 Rb8 35. Nb1 Qb6 36. Qxb6 Rxb6 37. Nc3 Rb8 38. Rc2 g6 39. a3 Ne8 
40. g4 f5 41. f3 h5 42. g5 h4 43. Nd1 f4 44. Nf2 Rb7 45. Nd3 Rb8 46. Rc3 Ra8 
47. Ne1 Ng7 48. Rc7 Kd8 49. Rc3 Ke7 50. Rc7 Kd8 51. Rc2 Ke7 52. Nd3 Ne8 
53. Nf2 Kd8 54. Rc1 Rb8 55. Kg2 Ke7 56. Kh2 Ng7 57. Rc7 Kd8 58. Rc1 Ne8 
59. Kh1 Rb7 60. Kg2 Ke7 61. Nd3 Nc7 62. Rc3 Na8 63. Nf2 Nb6 64. Kf1 Nc4 
65. Bxc4 Rc7 66. Ke1 bxc4 67. Kd2 Bb5 68. Nd1 Bd7 69. Nf2 Bb5 70. Nd1 Ba6 
71. Rc1 Bb5 72. Rc2 Bd7 73. Kc3 Bb5 74. Nf2 Rc8 75. Nd1 Ba6 76. Rg2 Bb5 
77. Nb2 Bd7 78. Nd1 Bb5 79. Nb2 Bd7 80. Rh2 Kf7 81. Rg2 Ke8 82. Rh2 Ke7 
83. Nd1 Rc7 84. Nf2 Bb5 85. Rg2 Rc8 86. Nd1 Rh8 87. Nb2 Bd7 88. Rg1 Bxh3 
89. b5 Bd7 90. b6 Rb8 91. Nxc4 Bb5 92. Rb1 Ba6 93. Kb4 h3 94. Rh1 Bxc4 
95. Kxc4 Rxb6 96. Rxh3 Rb3 97. Rh7+ Kf8 98. Rh8+ Ke7 99. Rh7+ Kf8 100. Rh8+ Ke7 
101. Rh7+ 1/2-1/2

[Event "Tuesday 03 April Rapid Engine Tour12+1 Rounds 9 Starts 1600ST"]
[Site "Infinity Chess"]
[Date "2018.4.3"]
[Round "3"]
[White "CrapCleaner"]
[Black "KillBill2017"]
[Result "1/2-1/2"]
[ECO "C50"]
[WhiteElo "2399"]
[BlackElo "2409"]
[WhiteEngine "Houdini 6.03 Standard_CTG"]
[BlackEngine "Raubfisch X37f_CTG"]
[EventType "Swiss"]
[WhiteTeam ""]
[BlackTeam ""]
[PlyCount "92"]
[TimeControl "720+1"]

1. e4 e5 2. Nf3 Nc6 3. Bc4 Bc5 4. O-O Nf6 5. d3 d6 6. c3 a5 7. Bg5 O-O 8. a4 h6 
9. Bh4 g5 10. Bg3 Kg7 11. Na3 Ne7 12. Nc2 Bb6 13. Ne3 Ng6 14. Bb3 Bxe3 
15. fxe3 Nh5 16. Be1 g4 17. Nd2 Qg5 18. Qe2 f5 19. exf5 Bxf5 20. Bc2 g3 
21. Bxg3 Nxg3 22. hxg3 Qxg3 23. Rf2 Bg4 24. Qe1 Qxf2+ 25. Qxf2 Rxf2 
26. Kxf2 Rf8+ 27. Kg3 h5 28. Rf1 Rxf1 29. Nxf1 Ne7 30. Nd2 Kf6 31. d4 exd4 
32. exd4 Be6 33. Kh4 Nf5+ 34. Bxf5 Kxf5 35. Kxh5 Kf4 36. Kg6 Ke3 37. Kf6 Bd5 
38. Nb1 Bxg2 39. Ke7 Bc6 40. Kd8 Kd3 41. Na3 Bxa4 42. Kxc7 b5 43. Kxd6 b4 
44. cxb4 axb4 45. Kc5 bxa3 46. bxa3 Ke4 1/2-1/2

[Event "Tuesday 03 April Rapid Engine Tour12+1 Rounds 9 Starts 1600ST"]
[Site "Infinity Chess"]
[Date "2018.4.3"]
[Round "3"]
[White "ludimilojko"]
[Black "hafaba"]
[Result "1/2-1/2"]
[ECO "D12"]
[WhiteElo "2286"]
[BlackElo "2415"]
[WhiteEngine "CorChess 2.2 020418 _x64_CTG"]
[BlackEngine "Eman 1.70-beta13 64-bit POPCNT"]
[EventType "Swiss"]
[WhiteTeam ""]
[BlackTeam ""]
[PlyCount "87"]
[TimeControl "720+1"]

1. d4 d5 2. c4 c6 3. Nf3 Nf6 4. e3 Bf5 5. Nc3 a6 6. c5 h6 7. b4 Nbd7 8. a4 a5 
9. b5 e5 10. dxe5 Ne4 11. Nxe4 Bxe4 12. Ba3 Bxc5 13. Bxc5 Nxc5 14. Rc1 Nd7 
15. bxc6 bxc6 16. Rxc6 O-O 17. Be2 Qe7 18. O-O Bxf3 19. gxf3 Nxe5 20. Rc2 Rfd8 
21. Rd2 Qe6 22. f4 Nc6 23. Bf3 Ne7 24. Rd4 Rd6 25. Kh1 Rb8 26. Bg4 Qg6 
27. Bh5 Qf5 28. Bg4 Qg6 29. Bh5 Qf6 30. Bf3 Rbd8 31. Qb3 Rb6 32. Qc2 Rc8 
33. Qd3 Qh4 34. f5 Qg5 35. Bxd5 Nxd5 36. Rxd5 Rbc6 37. Qe4 Rc1 38. Rfd1 Qh5 
39. Rxc1 Rxc1+ 40. Kg2 Qg5+ 41. Kh3 Qh5+ 42. Kg2 Qg5+ 43. Kh3 Qh5+ 44. Kg2 
1/2-1/2

[Event "Tuesday 03 April Rapid Engine Tour12+1 Rounds 9 Starts 1600ST"]
[Site "Infinity Chess"]
[Date "2018.4.3"]
[Round "3"]
[White "IronMan"]
[Black "beka"]
[Result "1/2-1/2"]
[ECO "A04"]
[WhiteElo "2464"]
[BlackElo "2371"]
[WhiteEngine "Eman 1.70-beta13 64-bit BMI2"]
[BlackEngine "stockfish_18032408_32bit"]
[EventType "Swiss"]
[WhiteTeam ""]
[BlackTeam ""]
[PlyCount "103"]
[TimeControl "720+1"]

1. Nf3 c5 2. c4 Nc6 3. e3 Nf6 4. d4 cxd4 5. exd4 d5 6. Nc3 Bg4 7. Bg5 dxc4 
8. Bxc4 e6 9. d5 exd5 10. Bxd5 Be7 11. Bxc6+ bxc6 12. O-O O-O 13. Qxd8 Bxd8 
14. Ne5 Nd7 15. Nxd7 Bxd7 16. Bxd8 Rfxd8 17. b3 Be6 18. f3 c5 19. Rfd1 Kf8 
20. Ne4 c4 21. Nc5 Rxd1+ 22. Rxd1 cxb3 23. Nxe6+ fxe6 24. axb3 Rb8 25. Ra1 Rxb3 
26. Rxa7 Rb4 27. g3 e5 28. h3 Rb3 29. Kf2 Rb2+ 30. Ke3 Rg2 31. g4 Rh2 
32. Kd3 Rxh3 33. Ke4 h5 34. Ra5 h4 35. Rxe5 Rh2 36. Rh5 g6 37. Rh8+ Kg7 
38. Ra8 Rd2 39. f4 h3 40. Ra3 Re2+ 41. Kf3 h2 42. Ra7+ Kf6 43. Ra6+ Kf7 
44. Ra7+ Ke6 45. Ra6+ Kd5 46. Ra1 Ra2 47. Rh1 Rb2 48. f5 gxf5 49. gxf5 Rb6 
50. Rxh2 Ke5 51. Kg4 Rb1 52. Rf2 1/2-1/2

[Event "Tuesday 03 April Rapid Engine Tour12+1 Rounds 9 Starts 1600ST"]
[Site "Infinity Chess"]
[Date "2018.4.3"]
[Round "3"]
[White "Dovahkiin"]
[Black "star99"]
[Result "1/2-1/2 "]
[ECO "B63"]
[WhiteElo "2384"]
[BlackElo "2418"]
[WhiteEngine "BrainFish_180329_x64_modern_CTG"]
[BlackEngine "Cryptic Heroes 9.2B"]
[EventType "Swiss"]
[WhiteTeam ""]
[BlackTeam ""]
[PlyCount "185"]
[TimeControl "720+1"]

1. e4 c5 2. Nf3 d6 3. d4 cxd4 4. Nxd4 Nf6 5. Nc3 Nc6 6. Bg5 e6 7. Qd2 Be7 
8. O-O-O O-O 9. f4 Nxd4 10. Qxd4 Qa5 11. Bc4 h6 12. Bh4 e5 13. fxe5 dxe5 
14. Qd3 Bg4 15. Rdf1 Be6 16. Bxf6 Bxf6 17. Kb1 Qc5 18. Bb3 Be7 19. h4 Kh7 
20. g4 Bxg4 21. Qg3 h5 22. Nd5 Rad8 23. Ne3 f5 24. exf5 Rd4 25. Qg2 Rf4 
26. Nxg4 Rxg4 27. Qxb7 e4 28. c3 Bf6 29. Re1 Qxf5 30. Rhf1 Qe5 31. Qxa7 Rxh4 
32. a4 Kh6 33. Rf2 Rg4 34. Ka2 g6 35. Qa6 e3 36. Rf3 Re4 37. Kb1 Qe7 38. Bc2 Re6 
39. Qd3 Bg5 40. Rxf8 Qxf8 41. Qc4 Re7 42. Bd3 Qf2 43. Re2 Qf4 44. a5 h4 
45. Qc6 Qf6 46. Qxf6 Bxf6 47. Kc2 g5 48. b4 g4 49. b5 Rc7 50. Rxe3 Rxc3+ 
51. Kd2 Ra3 52. Re6 Ra2+ 53. Ke3 Kg5 54. b6 g3 55. Bf1 Rxa5 56. b7 Ra3+ 
57. Kd2 Rb3 58. Bg2 h3 59. Bxh3 Rxb7 60. Re4 Rb2+ 61. Ke3 Bd8 62. Kf3 Bc7 
63. Re2 Rb3+ 64. Re3 Rb2 65. Re2 Rb8 66. Rc2 Be5 67. Be6 Rb6 68. Bd5 Ra6 
69. Re2 Rf6+ 70. Kg2 Bd6 71. Rd2 Rh6 72. Kf3 Rf6+ 73. Kg2 Rh6 74. Kf3 Bf4 
75. Rb2 Be5 76. Re2 Bb8 77. Rb2 Bf4 78. Bb7 Be5 79. Re2 Rf6+ 80. Kg2 Bc7 
81. Rc2 Be5 82. Re2 Bf4 83. Rb2 Rf5 84. Bf3 Bc7 85. Rc2 Rf7 86. Rc5+ Kf4 
87. Rc4+ Ke3 88. Rc3+ Kd2 89. Rc5 Ke3 90. Rc3+ Kd4 91. Rc1 Bf4 92. Re1 Rf6 
93. Rd1+ 1/2-1/2

[Event "Tuesday 03 April Rapid Engine Tour12+1 Rounds 9 Starts 1600ST"]
[Site "Infinity Chess"]
[Date "2018.4.3"]
[Round "3"]
[White "Vimtiroba"]
[Black "angriff"]
[Result "1/2-1/2"]
[ECO "B00"]
[WhiteElo "2429"]
[BlackElo "2402"]
[WhiteEngine "SF9 ''C1''_CTG"]
[BlackEngine "DracoREX 3.07 64BIT POPCNT_CTG"]
[EventType "Swiss"]
[WhiteTeam ""]
[BlackTeam ""]
[PlyCount "218"]
[TimeControl "720+1"]

1. e4 Nc6 2. d4 d5 3. e5 Bf5 4. c3 e6 5. Bb5 Nge7 6. Nd2 a6 7. Be2 f6 8. f4 Ng6 
9. Nf1 Be4 10. Nf3 Qd7 11. Ng3 Bxf3 12. Bxf3 Nh4 13. O-O Nxf3+ 14. Qxf3 f5 
15. Be3 Be7 16. Rfb1 O-O 17. Qe2 b5 18. Nh1 Rfb8 19. Nf2 a5 20. Rc1 a4 
21. Kh1 b4 22. c4 Rc8 23. c5 Rcb8 24. Nd3 b3 25. a3 g6 26. g3 Na5 27. Bf2 Nc4 
28. Re1 Rf8 29. Rg1 Qe8 30. Be3 Kf7 31. Kg2 Rh8 32. Rh1 Qf8 33. h3 Qg7 
34. Raf1 h6 35. Bc1 Ke8 36. h4 Kd7 37. Qe1 c6 38. Rh2 Bd8 39. Qe2 Ba5 
40. Nf2 Qg8 41. Rfh1 Rh7 42. Rh3 Rb8 43. R3h2 Rg7 44. Nd1 Qc8 45. Be3 Qb7 
46. Nf2 Qb5 47. Kf3 Bd8 48. Nd3 Be7 49. Bc1 Rbg8 50. Kg2 Rh8 51. Kf2 Na5 
52. Qd1 Nc4 53. Qe2 Na5 54. Bd2 Bd8 55. Bxa5 Bxa5 56. Nc1 Rhg8 57. Qd3 Kc8 
58. Ke3 Qxd3+ 59. Kxd3 h5 60. Rg2 Rh8 61. Ne2 Kc7 62. Ke3 Ra8 63. Rgg1 Re7 
64. Kf3 Ree8 65. Rd1 Kb7 66. Kf2 Reb8 67. Ke3 Rf8 68. Kf3 Rg8 69. Ng1 Rgb8 
70. Nh3 Bd8 71. Rc1 Kc7 72. Rhg1 Be7 73. Nf2 Re8 74. Nd3 Kd7 75. Rcd1 Kc7 
76. Ra1 Rh8 77. Raf1 Rhf8 78. Re1 Rfb8 79. Rc1 Rc8 80. Rgd1 Kd7 81. Ke3 Rf8 
82. Rg1 Rfe8 83. Rgd1 Rf8 84. Rf1 Rh8 85. Rcd1 Rhg8 86. Rc1 Rh8 87. Rg1 Rhe8 
88. Rcd1 Reb8 89. Rh1 Kc7 90. Nf2 Rf8 91. Kf3 Rg8 92. Nd3 Kb7 93. Rhf1 Rge8 
94. Rg1 Rab8 95. Nf2 Kc7 96. Rh1 Rg8 97. Nd3 Ra8 98. Rc1 Bd8 99. Rhf1 Re8 
100. Rfd1 Be7 101. Kf2 Red8 102. Rg1 Rh8 103. Rcf1 Rad8 104. Nb4 Rdf8 
105. Ra1 Kd7 106. Rae1 Rfg8 107. Rd1 Kc7 108. Rgf1 Rh7 109. Nd3 Rf7 1/2-1/2

[Event "Tuesday 03 April Rapid Engine Tour12+1 Rounds 9 Starts 1600ST"]
[Site "Infinity Chess"]
[Date "2018.4.3"]
[Round "3"]
[White "Mr Aj"]
[Black "Prometheus"]
[Result "1/2-1/2"]
[ECO "A40"]
[WhiteElo "2439"]
[BlackElo "2446"]
[WhiteEngine "Houdini 6_CTG"]
[BlackEngine "Eman 1.70-beta13 64-bit BMI2"]
[EventType "Swiss"]
[WhiteTeam ""]
[BlackTeam ""]
[PlyCount "108"]
[TimeControl "720+1"]

1. d4 e6 2. e3 d5 3. Be2 Nf6 4. Nf3 b6 5. Nbd2 Bd6 6. c4 Nbd7 7. Bd3 Bb7 
8. O-O O-O 9. b3 Qe7 10. Qc2 c5 11. Bb2 Rac8 12. Rac1 cxd4 13. exd4 Rfd8 
14. Qb1 Bb4 15. cxd5 Bxd5 16. Rxc8 Rxc8 17. Rc1 Qd8 18. a3 Bf8 19. Ne5 g6 
20. Rxc8 Qxc8 21. g3 Nxe5 22. dxe5 Nd7 23. Qc2 Qxc2 24. Bxc2 g5 25. Ne4 g4 
26. Nf6+ Nxf6 27. exf6 a5 28. h3 h5 29. hxg4 hxg4 30. Bd1 Bd6 31. Bxg4 Bxb3 
32. Be2 Ba4 33. Bd3 Bc6 34. f4 b5 35. Kf1 b4 36. axb4 Bxb4 37. Be5 Bd5 
38. Ke2 a4 39. Kd1 Bf3+ 40. Kc2 Be1 41. f5 exf5 42. Bxf5 Bf2 43. Kc3 a3 
44. Kb3 Bc5 45. Kc4 Bf2 46. Kb3 a2 47. Kxa2 Be2 48. Bf4 Bh5 49. g4 Bg6 
50. Bxg6 fxg6 51. g5 Kf7 52. Bc1 Be1 53. Bb2 Bd2 54. Kb3 Bxg5 1/2-1/2

[Event "Tuesday 03 April Rapid Engine Tour12+1 Rounds 9 Starts 1600ST"]
[Site "Infinity Chess"]
[Date "2018.4.3"]
[Round "3"]
[White "KULLANI"]
[Black "Thinker"]
[Result "1/2-1/2 "]
[ECO "C77"]
[WhiteElo "2442"]
[BlackElo "2450"]
[WhiteEngine "BrainFish_180329_x64"]
[BlackEngine "BrainFish_180329_x64_modern_CTG"]
[EventType "Swiss"]
[WhiteTeam ""]
[BlackTeam ""]
[PlyCount "151"]
[TimeControl "720+1"]

1. e4 e5 2. Nf3 Nc6 3. Bb5 a6 4. Ba4 Nf6 5. O-O Be7 6. Re1 b5 7. Bb3 O-O 
8. h3 Bb7 9. d3 d5 10. exd5 Nxd5 11. Nxe5 Nd4 12. Bd2 Re8 13. Nc3 Nxb3 
14. axb3 Bd6 15. d4 Nb4 16. Ne4 Bxe5 17. dxe5 Rxe5 18. Bxb4 Rxe4 19. Qxd8+ Rxd8 
20. Rad1 Rxd1 21. Rxd1 h5 22. Rd8+ Kh7 23. Bc3 Re6 24. f3 f6 25. h4 Rd6 
26. Rxd6 cxd6 27. Bb4 d5 28. Kf2 Bc8 29. c3 g5 30. g3 d4 31. cxd4 Bb7 
32. Bc5 gxh4 33. gxh4 Kg6 34. Bd6 Kf7 35. Bc7 Kg6 36. Bd6 Kf5 37. Ke3 Bd5 
38. b4 Bb7 39. Bc5 Bd5 40. Bf8 Ke6 41. Kf4 Bb3 42. Bg7 Kf7 43. Bh8 Ke6 
44. d5+ Bxd5 45. Ke3 Bc4 46. f4 Bf1 47. Bg7 Bg2 48. Bh8 f5 49. Kd4 Bf3 
50. Be5 Be4 51. Bg7 Bf3 52. Be5 Be4 53. Bg7 Kd6 54. Bh8 Bf3 55. Bg7 Ke6 
56. Kc5 Be4 57. Be5 Bf3 58. Kb6 Be4 59. Bc7 Kd5 60. Kxa6 Bd3 61. Bd8 Kc4 
62. Ka5 Kd5 63. Ka6 Bc4 64. Kb6 Bf1 65. Kc7 Bd3 66. Kb7 Ke4 67. Bg5 Kf3 
68. Kc6 Kg3 69. b3 Kg4 70. Kb6 Kg3 71. Kc5 Kg4 72. Kc6 Be2 73. Kb6 Kg3 
74. Kb7 Kg4 75. Kb6 Kg3 76. Kc6 1/2-1/2

[Event "Tuesday 03 April Rapid Engine Tour12+1 Rounds 9 Starts 1600ST"]
[Site "Infinity Chess"]
[Date "2018.4.3"]
[Round "3"]
[White "Marsell"]
[Black "MGR"]
[Result "1/2-1/2"]
[ECO "C53"]
[WhiteElo "2452"]
[BlackElo "2449"]
[WhiteEngine "asmFishW_2018-04-02_bmi2"]
[BlackEngine "asmFishW_2018-04-02_bmi2"]
[EventType "Swiss"]
[WhiteTeam ""]
[BlackTeam ""]
[PlyCount "86"]
[TimeControl "720+1"]

1. e4 e5 2. Nf3 Nc6 3. Bc4 Bc5 4. c3 Nf6 5. d3 d6 6. O-O a5 7. Bg5 Ba7 
8. Nbd2 h6 9. Bh4 Qe7 10. Bb5 g5 11. Bg3 O-O 12. Nc4 Nb8 13. Ba4 Be6 
14. Ne3 Bxe3 15. fxe3 Nbd7 16. Bc2 Bg4 17. h3 Bh5 18. a4 c6 19. Qe1 Bg6 
20. Qf2 Rfe8 21. Bh2 Kg7 22. Qe2 Qe6 23. Rf2 g4 24. Nh4 Kh7 25. hxg4 Nxg4 
26. Rff1 Rg8 27. Rab1 Bh5 28. Rf5 Ndf6 29. Bg3 Rg5 30. d4 Rag8 31. Rxg5 Rxg5 
32. c4 Kh8 33. b4 Nxe4 34. Bxe4 Nf6 35. Bf3 Rxg3 36. Bxh5 Qh3 37. dxe5 dxe5 
38. Bxf7 Ng4 39. Nf3 Nxe3 40. Ne1 Ng4 41. Nf3 Ne3 42. Ne1 Ng4 43. Nf3 Ne3 
1/2-1/2

[Event "Tuesday 03 April Rapid Engine Tour12+1 Rounds 9 Starts 1600ST"]
[Site "Infinity Chess"]
[Date "2018.4.3"]
[Round "3"]
[White "KRAKEN"]
[Black "SkyPilot"]
[Result "1/2-1/2"]
[ECO "A46"]
[WhiteElo "2469"]
[BlackElo "2495"]
[WhiteEngine "Raubfisch X38_CTG"]
[BlackEngine "stockfish_x64_bmi2_2018_03_30_CTG"]
[EventType "Swiss"]
[WhiteTeam ""]
[BlackTeam ""]
[PlyCount "99"]
[TimeControl "720+1"]

1. d4 Nf6 2. Nf3 d5 3. c4 e6 4. Nc3 c6 5. Bg5 h6 6. Bxf6 Qxf6 7. e3 Nd7 
8. Be2 g6 9. O-O Bg7 10. cxd5 exd5 11. b4 a6 12. a4 O-O 13. b5 Qd6 14. Qb3 a5 
15. Rfc1 Rd8 16. Rab1 Nf8 17. Qd1 Rb8 18. Qd2 Ne6 19. bxc6 bxc6 20. Rxb8 Qxb8 
21. Bd3 Bd7 22. Rb1 Qc7 23. Ne2 c5 24. Bb5 Bxb5 25. Rxb5 cxd4 26. Nfxd4 Nxd4 
27. Nxd4 Bxd4 28. exd4 Rb8 29. Rxb8+ Qxb8 30. Qe1 Qf4 31. g3 Qxd4 32. Qxa5 Kg7 
33. Qd8 Qxa4 34. Qxd5 Qa1+ 35. Kg2 Qf6 36. Qe4 g5 37. Qa8 Kg6 38. Qb7 Kg7 
39. f3 Qd4 40. Qe7 Qb2+ 41. Kf1 Qxh2 42. Qe5+ Kg6 43. Qd6+ Kh7 44. Qd3+ Kg7 
45. Qd4+ Kg6 46. Qe4+ Kh5 47. Qg4+ Kg6 48. Qe4+ Kh5 49. Qg4+ Kg6 50. Qe4+ 
1/2-1/2

[Event "Tuesday 03 April Rapid Engine Tour12+1 Rounds 9 Starts 1600ST"]
[Site "Infinity Chess"]
[Date "2018.4.3"]
[Round "3"]
[White "MCDermont"]
[Black "Harry_Potter"]
[Result "1/2-1/2"]
[ECO "D30"]
[WhiteElo "2502"]
[BlackElo "2474"]
[WhiteEngine "BrainFish 010418 WM_CTG"]
[BlackEngine "asmFishW_2018-03-27_bmi2_CTG"]
[EventType "Swiss"]
[WhiteTeam ""]
[BlackTeam ""]
[PlyCount "99"]
[TimeControl "720+1"]

1. d4 d5 2. c4 e6 3. Nf3 Nf6 4. Nc3 c6 5. Bg5 h6 6. Bxf6 Qxf6 7. e3 Nd7 
8. Be2 g6 9. O-O Bg7 10. e4 dxe4 11. Nxe4 Qf4 12. Qc2 f5 13. Ned2 c5 14. g3 Qc7 
15. Nh4 Bxd4 16. Nxg6 Rg8 17. Nh4 Nf6 18. Ndf3 Rxg3+ 19. hxg3 Qxg3+ 20. Ng2 Ng4 
21. Qd2 Bxf2+ 22. Rxf2 Qxf2+ 23. Kh1 Bd7 24. Ne5 O-O-O 25. Nxg4 fxg4 26. Rd1 h5 
27. b3 g3 28. Qd3 h4 29. Bg4 Kb8 30. Rd2 Bc8 31. Rxf2 Rxd3 32. Rf8 Rd2 
33. Nxh4 Kc7 34. Kg1 b5 35. Rf3 Rd1+ 36. Rf1 Rd4 37. Rf7+ Kd6 38. Rg7 bxc4 
39. bxc4 Rxc4 40. Nf3 Rc2 41. Rxa7 c4 42. Ng5 Ke5 43. Rc7 Kf4 44. Rxc8 Kxg5 
45. Bxe6 Rxa2 46. Bh3 g2 47. Bxg2 Rc2 48. Bf1 c3 49. Bd3 Rc1+ 50. Kf2 1/2-1/2